 Dungeon Crawl Stone Soup version 0.31-a0-986-g5e6e4ef867 (webtiles) character file.

Game seed: 16172034809667082053

1699 Ofeo the Fighter (level 8, 82/82 HPs)
             Began as a Black Draconian Brigand on Nov 23, 2023.
             Quit the game in the Ecumenical Temple.
             The game lasted 00:07:46 (6136 turns).

Ofeo the Fighter (Black Draconian Brigand)          Turns: 6136, Time: 00:07:47

Health: 82/82      AC:  7    Str: 13    XL:     8   Next: 73%
Magic:  8/8        EV: 12    Int: 12    God:
Gold:   435        SH:  0    Dex: 21    Spells: 7/7 levels left

rFire   . . .        a - +4 whip (venom)
rCold   . . .        (no shield)
rNeg    . . .        (body armour unavailable)
rPois   .            (helmet restricted)
rElec   +            o - +0 cloak
rCorr   .            (no gloves)
SInv    .            (no boots)
Will    .....        f - amulet of guardian spirit
Stlth   +++          t - +6 ring of dexterity
HPRegen 0.33/turn    (no ring)
MPRegen 0.11/turn

%: guardian spirit
@: no status effects
A: breathe lightning, AC +6, unfitting armour, electricity resistance,
cold-blooded
a: Breathe Lightning


You were in the Ecumenical Temple.
You visited 2 branches of the dungeon, and saw 7 of its levels.
You also visited: Ossuary.

You collected 435 gold pieces.

Inventory:

Hand Weapons
 a - a +4 whip of venom (weapon)
 b - a +0 lajatang
 e - a +2 dagger
 s - a +1 falchion of protection
Missiles
 c - 31 poisoned darts
 d - 3 curare-tipped darts
Armour
 o - a +0 cloak (worn)
Jewellery
 f - an amulet of guardian spirit (around neck)
 t - a +6 ring of dexterity (left hand)
Wands
 q - a wand of digging (6) {@v1}
 r - a wand of charming (10)
 u - a wand of mindburst (15)
Scrolls
 i - a scroll of identify {@r1}
 k - 3 scrolls of immolation
 m - a scroll of blinking {@r4}
 p - a scroll of amnesia {unknown}
Potions
 g - 2 potions of magic
 h - 3 potions of heal wounds {@q2}
 j - 3 potions of mutation
 l - 2 potions of degeneration
 n - 4 potions of curing {unknown}
 v - a potion of attraction {unknown}
 w - a potion of lignification {unknown}
 R - a potion of berserk rage


   Skills:
 - Level 11.1 Fighting
 - Level 2.0(3.6) Short Blades
 + Level 4.7(5.0) Long Blades
 - Level 1.8 Throwing
 - Level 1.0 Dodging
 - Level 3.6 Stealth


You had 7 spell levels left.
You didn't know any spells.
Your spell library contained the following spells:

 Spells                   Type           Power      Damage    Failure   Level
 Magic Dart               Conj           0%         1d3       32%         1
 Shock                    Conj/Air       0%         1d3       32%         1
 Call Imp                 Summ           0%         N/A       45%         2
 Searing Ray              Conj           0%         2d4       45%         2
 Wereblood                Tmut           0%         N/A       45%         2
 Mephitic Cloud           Conj/Pois/Air  0%         N/A       69%         3
 Swiftness                Air            0%         N/A       69%         3
 Airstrike                Air            0%         2d(0-16)  97%         4
 Fulminant Prism          Conj/Hex       0%         3d5       97%         4
 Irradiate                Conj/Tmut      0%         3d11      100%        5


Dungeon Overview and Level Annotations

Branches:
Dungeon (6/15)             Temple (1/1) D:6         Ossuary (visited)

Altars:
Ashenzari
Cheibriados
Elyvilon
Fedhas
Gozag
Hepliaklqana
Kikubaaqudgha
Makhleb
Ru
Sif Muna
Uskayaw
Vehumet
Wu Jian
Zin
The Shining One

Annotations:
D:6 exclusion: statue


Innate Abilities, Weirdness & Mutations

You can breathe wild blasts of lightning.
Your glossy black scales are hard. (AC +6)
You cannot fit into any form of body armour.
You are resistant to electric shocks. (rElec)
You are cold-blooded and may be slowed by cold attacks.


Message History

You take 2 damage, and have 55/82 hp.
You whack Edmund!
Edmund looks as sick as possible!
You tail-slap Edmund, but do no damage.
Edmund is almost dead.
You kill Edmund!
Your base Long Blades skill increases to level 4!
Things that are here:
a +4 flail of holy wrath; a +0 scale mail; the human corpse of Edmund MP restored: 8
There is a dry fountain here.
Found a staircase to the Ecumenical Temple.
There is a fountain of clear blue water here.
There is a staircase to the Ecumenical Temple here.
You climb downwards.
Welcome to the Ecumenical Temple!
Found a blossoming altar of Fedhas and an opulent altar of Gozag.
Found a staircase back to the Dungeon.
There is a staircase back to the Dungeon here.
HP restored.
Done exploring.
Health restored: 82 Done exploring.
Done exploring.
Search for what [Enter for "."]? .
Saving game... please wait.
Welcome back, Ofeo the Black Draconian Brigand.
Press ? for a list of commands and other information.
You enter the shallow water.
Moving in this stuff is going to be slow.
You enter the shallow water.
Moving in this stuff is going to be slow.
There is a blossoming altar of Fedhas here.
There is a snail-covered altar of Cheibriados here.
There is a hide-covered altar of Uskayaw here.
You enter the shallow water.
Moving in this stuff is going to be slow.
There is a burning altar of Makhleb here.
You enter the shallow water.
Moving in this stuff is going to be slow.
There is a white marble altar of Elyvilon here.
Are you sure you want to abandon this character and quit the game? (Confirm with "yes".)

♣♣~..~♣♣...♣....♣.~.......♣.♣
♣~............♣♣~.....♣.~♣♣♣
♣~..♣~..♣♣.....♣.._....♣..♣♣
♣~~...~.........♣.....~..~~♣
♣♣~....._....~..♣♣..~....~≈≈
♣~~.~♣.....♣♣........._..≈≈
♣♣~~~.♣.....~............~≈
♣~~~.♣.............~~~~..~
♣♣~~.♣...@§.~~~....~~~~~~~
♣~~~.♣......♣♣._..~~~~~~.
♣♣~~~.♣♣.....♣♣.......~~..
♣♣~~~..♣.♣...~...§..~_.....
♣~~~~....~..._........~..♣.
♣~~≈.~...........§.........
♣♣≈≈~~......♣♣♣.~....~..♣.~~
♣♣≈≈~..§.~...♣ ♣♣♣.....♣♣♣.~~
♣♣≈≈≈......._.♣♣♣♣♣~..~.♣♣....


There were no monsters in sight!

Vanquished Creatures
  A steam dragon (D:6)
  Edmund (D:6)
  An ice beast (D:6)
  A black bear (D:6)
  An ogre (D:5)
  A phantom (D:5)
  A kobold brigand (D:6)
  3 scorpions
  3 water moccasin zombies (Ossuary)
  5 hounds
  2 jellies
  An orc priest (D:6)
  4 iguanas
  An orc wizard (D:5)
  2 mummies (Ossuary)
  7 gnolls
  10 adders
  4 adder zombies (Ossuary)
  3 worms (D:2)
  A dart slug (D:4)
  17 orcs
  9 ball pythons
  4 bats
  6 endoplasms
  5 giant cockroaches
  4 goblins
  3 hobgoblins
  2 jackals (D:1)
  4 quokkas
  2 frilled lizards
  2 gnoll zombies (Ossuary)
  8 hobgoblin zombies (Ossuary)
  A jackal zombie (D:5)
  10 kobolds
  8 kobold zombies (Ossuary)
  3 orc zombies (Ossuary)
  7 rats
148 creatures vanquished.

Vanquished Creatures (others)
  A quokka (D:4)
1 creature vanquished.

Grand Total: 149 creatures vanquished

Notes
Turn   | Place    | Note
-------+----------+-------------------------------------------
     0 | D:1      | Ofeo the Draconian Brigand began the quest for the Orb.
     0 | D:1      | Reached XP level 1. HP: 17/17 MP: 1/1
   127 | D:1      | Reached skill level 1 in Dodging
   368 | D:1      | Reached XP level 2. HP: 16/25 MP: 2/2
   377 | D:1      | Reached skill level 3 in Fighting
   735 | D:1      | Reached XP level 3. HP: 33/33 MP: 3/3
   934 | D:2      | Reached skill level 4 in Fighting
  1195 | D:2      | Reached XP level 4. HP: 37/41 MP: 4/4
  1653 | D:3      | Reached skill level 5 in Fighting
  1912 | D:3      | Noticed a scorpion
  1925 | D:3      | Killed a scorpion
  1926 | D:3      | Reached skill level 6 in Fighting
  1926 | D:3      | Reached XP level 5. HP: 50/50 MP: 3/5
  2336 | D:4      | Reached XP level 6. HP: 21/58 MP: 0/6
  2354 | D:4      | Reached skill level 7 in Fighting
  2852 | D:4      | Found an ornate altar of the Wu Jian Council.
  3315 | D:5      | Entered Level 5 of the Dungeon
  3405 | D:5      | Reached skill level 8 in Fighting
  3548 | D:5      | Your scales start taking on a glossy black colour.
  3548 | D:5      | Reached XP level 7. HP: 48/69 MP: 5/7
  3548 | D:5      | Gained mutation: You are resistant to electric shocks.
                  | (rElec) [Black Draconian growth]
  3576 | D:5      | Reached skill level 9 in Fighting
  3655 | D:5      | Found a sand-covered staircase.
  3691 | Ossuary  | Entered an ossuary
  4076 | Ossuary  | Reached skill level 10 in Fighting
  4538 | D:5      | Reached XP level 8. HP: 65/80 MP: 5/8
  5263 | D:6      | Reached skill level 11 in Fighting
  5420 | D:6      | Found an ancient bone altar of Kikubaaqudgha.
  5452 | D:6      | Reached skill level 1 in Long Blades
  5948 | D:6      | Found a radiant altar of Vehumet.
  5990 | D:6      | Noticed Edmund
  6009 | D:6      | Killed Edmund
  6021 | D:6      | Found a staircase to the Ecumenical Temple.
  6030 | Temple   | Entered the Ecumenical Temple
  6136 | Temple   | Quit the game

Illustrated notes

Levels and vault maps discovered:
D:1:      minmay_arrival_split_and_join, layout_basic, minmay_bisected
D:2:      layout_basic
D:3:      layout_rooms
D:4:      layout_loops_cross, nzn_wu_jian_contemplation
D:5:      layout_basic, enter_ossuary_3, minmay_puff
D:6:      layout_cave_pools, vehumet_statue, amcnicky_altar_gilded,
          minmay_temple_entry_nine_rooms, uniq_edmund
Temple:   nicolae_temple_bog_church

Skill      XL: |  1  2  3  4  5  6  7  8 |
---------------+-------------------------+-----
Dodging        | 1 |  1.0
Fighting       | 3 4 6 8 10 11 | 11.1
Long Blades    | 4 |  4.7
Short Blades   | |  2.0
Throwing       | |  1.8
Stealth        | |  3.6

Action                     |  1- 3 |  4- 6 |  7- 9 || total
---------------------------+-------+-------+-------++-------
  Melee: Dagger            |    38 |       |       ||    38
         Tailslap          |     6 |    29 |    44 ||    79
         Whip              |    53 |   150 |   249 ||   452
         Punch             |       |     2 |     2 ||     4
         Lajatang          |       |       |     2 ||     2
  Throw: Dart              |     1 |     6 |     1 ||     8
Ability: Breathe Lightning |       |       |     2 ||     2
    Use: Scroll            |       |     6 |     6 ||    12
   Stab: Sleeping          |     8 |     4 |     1 ||    13
 Armour: Skin              |    50 |   118 |   196 ||   364
  Dodge: Dodged            |    49 |    89 |   160 ||   298

Table legend: (Time is in decaauts)
 A = Elapsed time spent in this place.
 B = Non-inter-level travel time spent in this place.
 C = Inter-level travel time spent in this place.
 D = Time resting spent in this place.
 E = Time spent auto-exploring this place.
 F = Levels seen in this place.
 G = Mean time per level.
                   A        B        C        D        E       F      G
               +--------+--------+--------+--------+--------+-----+--------+
         Total |   6182 |   6001 |    181 |    437 |   4165 |   8 |  772.8 |
       Dungeon |   5600 |   5419 |    181 |    241 |   4054 |   6 |  933.3 |
        Temple |    108 |    108 |      0 |      0 |     60 |   1 |  108.0 |
       Ossuary |    474 |    474 |      0 |    196 |     51 |   1 |  474.0 |
               +--------+--------+--------+--------+--------+-----+--------+

Top non-repeatable levels by time:
     D:5: 1482 daAuts
     D:4: 1163 daAuts
     D:1: 881 daAuts
     D:6: 786 daAuts
     D:2: 770 daAuts
     D:3: 516 daAuts
 Ossuary: 474 daAuts
  Temple: 108 daAuts
